[Event "Titled Tuesday Blitz August 17 2021"]
[White "Franchini, Gabriele"]
[Black "Donatti, Alvaro"]
[WhiteFideId "806790"]
[BlackFideId "3000303"]
[WhiteElo "2215"]
[BlackElo "2138"]
[Result "1-0"]
[Round "09"]
[TimeControl "180+1"]
[Date "2021.08.18"]
[WhiteClock "0:00:02"]
[BlackClock "0:00:01"]

1. e4 c5 2. Nf3 e6 3. d4 cxd4 4. Nxd4 Bc5 5. Nb3 Bb6 6. c4 Ne7 7. Nc3 O-O 8. Be2 a6 9. O-O Nbc6 10. Kh1 f5 11. f4 fxe4 12. Nxe4 d5 13. Ng5 h6 14. Nf3 Nf5 15. Qc2 Ne3 16. Bxe3 Bxe3 17. g3 d4 18. Rad1 Nb4 19. Qe4 Nxa2 20. Bd3 Qf6 21. Ne5 Qf5 22. Qf3 Qf6 23. Nc5 Nb4 24. Ncd7 Bxd7 25. Nxd7 Qe7 26. Nxf8 Nxd3 27. Rxd3 Rxf8 28. Qe4 e5 29. f5 Qc5 30. Qd5+ Qxd5+ 31. cxd5 Rd8 32. Re1 e4 33. Rb3 Rxd5 34. Rxb7 d3 35. Kg2 d2 36. Rd1 Bc5 37. g4 e3 38. Kf3 h5 39. h3 hxg4+ 40. hxg4 Rd4 41. Ke2 1-0


[Site "https://www.chess.com"]

[Event "Titled Tuesday Blitz August 17 2021"]
[White "Garriga Cazorla, Pere"]
[Black "Fier, Alexandr"]
[WhiteFideId "32011601"]
[BlackFideId "2107139"]
[WhiteElo "2430"]
[BlackElo "2569"]
[Result "1-0"]
[Round "09"]
[TimeControl "180+1"]
[Date "2021.08.17"]
[WhiteClock "0:00:56"]
[BlackClock "0:01:02"]

1. d4 Nf6 2. c4 c5 3. d5 e6 4. Nc3 exd5 5. cxd5 d6 6. e4 g6 7. h3 Bg7 8. Bd3 Nbd7 9. Nf3 Nh5 10. Bg5 Bf6 11. Be3 Ne5 12. Be2 Nxf3+ 13. Bxf3 Ng7 14. Qd2 O-O 15. O-O Be5 16. Bf4 Qe7 17. Rfe1 Bd7 18. a4 Rae8 19. Rab1 Bxf4 20. Qxf4 Qe5 21. Qxe5 Rxe5 22. b4 c4 23. Be2 Rc8 24. f4 Ree8 25. Bf3 f6 26. Kf2 g5 27. e5 fxe5 28. fxe5 Rxe5 29. Rxe5 dxe5 30. Re1 Kf7 31. Rxe5 Kf6 32. Re1 Bf5 33. Be2 Ne8 34. Ke3 Nd6 35. Kd4 Re8 36. Rf1 Kg6 37. Bxc4 Nxc4 38. Kxc4 Re3 39. Rf2 h5 40. d6 Re1 41. Rxf5 1-0


[Site "https://www.chess.com"]

[Event "Titled Tuesday Blitz August 17 2021"]
[White "Gedajlovic, Max"]
[Black "Rastbod, Ali"]
[WhiteFideId "2616840"]
[BlackFideId "12567477"]
[WhiteElo "2137"]
[BlackElo "2226"]
[Result "1/2-1/2"]
[Round "09"]
[TimeControl "180+1"]
[Date "2021.08.17"]
[WhiteClock "0:00:17"]
[BlackClock "0:00:11"]

1. d4 Nf6 2. Nf3 c5 3. d5 b5 4. c4 b4 5. Nbd2 d6 6. e4 g6 7. Bd3 Bg7 8. O-O O-O 9. h3 e5 10. a3 Nfd7 11. Nb3 a5 12. Be3 Na6 13. axb4 Nxb4 14. Be2 h6 15. Qd2 Kh7 16. Nc1 f5 17. Qd1 f4 18. Bd2 g5 19. Nd3 Bb7 20. Nh2 Nf6 21. Ng4 Nxe4 22. Nxb4 Nxd2 23. Qxd2 axb4 24. Qc2+ Kh8 25. Qg6 Rxa1 26. Rxa1 e4 27. Ra7 Qb6 28. Ra4 Qd8 29. Qxe4 Bc8 30. Ra8 Bf5 31. Qxf5 Qxa8 32. Qg6 Qe8 33. Qc2 Qf7 34. Bd3 h5 35. Bg6 Qe7 36. Bxh5 Qe1+ 37. Kh2 Qe7 38. f3 Be5 39. Bg6 Qg7 40. Be4 Bxb2 41. Qf2 Be5 42. h4 Bd4 43. Qe1 Rb8 44. Bb1 b3 45. Qe6 Rf8 46. Qxd6 Qf7 47. Qh6+ Kg8 48. Qxg5+ Qg7 49. Qh5 Bf6 50. Nh6+ Kh8 51. Nf5+ Qh7 52. Qg4 Rg8 53. Qxf4 Qh5 54. g4 Qg6 55. h5 Qg5 56. Qxg5 Bxg5 57. Nd6 Bf4+ 58. Kg2 Bxd6 59. Kf2 Rf8 60. Ke3 Be5 61. g5 Bd4+ 62. Ke4 b2 63. f4 Re8+ 64. Kf5 Re1 65. d6 Re8 66. d7 Rd8 67. Ke6 Be3 68. Ke7 Rxd7+ 69. Kxd7 Bxf4 70. g6 Kg7 71. Ke6 Be3 72. Kf5 Bd4 73. Kg5 Be3+ 74. Kg4 Bd4 75. Bc2 Be3 76. Kf5 Bd4 77. Ke6 Be3 78. Kf5 Bd4 79. Ke4 Bf6 80. Kf5 Bd4 1/2-1/2


[Site "https://www.chess.com"]

[Event "Titled Tuesday Blitz August 17 2021"]
[White "Gerzhoy, Leonid"]
[Black "Kovalev, Vladislav"]
[WhiteFideId "2806126"]
[BlackFideId "13504398"]
[WhiteElo "2542"]
[BlackElo "2573"]
[Result "0-1"]
[Round "09"]
[TimeControl "180+1"]
[Date "2021.08.17"]
[WhiteClock "0:00:09"]
[BlackClock "0:00:16"]

1. d4 Nf6 2. Nf3 g6 3. Bg5 Bg7 4. Nbd2 O-O 5. e4 d6 6. c3 c5 7. d5 e6 8. dxe6 Bxe6 9. Bc4 d5 10. exd5 Bxd5 11. O-O Nc6 12. Bxd5 Qxd5 13. Qb3 Qxb3 14. axb3 Rfe8 15. Bxf6 Bxf6 16. Nc4 Rad8 17. Rad1 b5 18. Ne3 Na5 19. Ra1 Nxb3 20. Rxa7 Nd2 21. Nxd2 Rxd2 22. Rc7 c4 23. Rb7 Rxb2 24. Nxc4 Rb3 25. Nd6 Re6 26. Nxb5 Bxc3 27. Nd6 Rxb7 28. Nxb7 Bb4 29. Rd1 Re7 30. Nd8 Rc7 31. g3 Be7 32. Kg2 Kf8 33. Rd3 Ke8 34. Nxf7 Kxf7 35. h4 Bf6 36. Rf3 Re7 37. Rd3 Kg7 38. Rf3 Bd4 39. Rd3 Ba7 40. Rc3 Rf7 41. f4 Re7 42. Kf3 Bd4 43. Rd3 Ba7 44. g4 Kf6 45. g5+ Kf7 46. Rd6 Bb8 47. Rf6+ Kg7 48. f5 Be5 49. Re6 Rxe6 50. fxe6 Kf8 51. Ke4 Bg3 52. h5 Ke7 53. hxg6 hxg6 54. Kd5 Bh2 55. Ke4 Kxe6 56. Kf3 Kf5 57. Kg2 Bf4 58. Kf3 Bxg5 0-1


[Site "https://www.chess.com"]

[Event "Titled Tuesday Blitz August 17 2021"]
[White "Girinath, P.D.S."]
[Black "Munkhzul, Davaakhuu"]
[WhiteFideId "5000572"]
[BlackFideId "4902815"]
[WhiteElo "2333"]
[BlackElo "1957"]
[Result "1/2-1/2"]
[Round "09"]
[TimeControl "180+1"]
[Date "2021.08.18"]
[WhiteClock "0:00:06"]
[BlackClock "0:00:15"]

1. e4 e5 2. Nf3 Nc6 3. Bb5 a6 4. Ba4 Nf6 5. Bxc6 dxc6 6. Qe2 Bg4 7. d3 Bd6 8. Nbd2 Qd7 9. h3 Bh5 10. Nc4 Bxf3 11. Qxf3 O-O-O 12. Bg5 Qe6 13. Bxf6 gxf6 14. Ne3 Bb4+ 15. Ke2 Rhg8 16. g4 Kb8 17. Qf5 Bc5 18. Qxh7 Bxe3 19. fxe3 Rg6 20. Qh4 c5 21. b3 Rdg8 22. Qf2 Qe7 23. a4 a5 24. Raf1 Rh8 25. Qf5 Rgh6 26. Rf3 b6 27. h4 Rxh4 28. Rxh4 Rxh4 29. Qxf6 Rh2+ 30. Kd1 Qxf6 31. Rxf6 Rg2 32. Rxf7 Rxg4 33. Rf5 Rg3 34. Kd2 Rg2+ 35. Kc3 Re2 36. Rxe5 Rxe3 37. Kc4 Re2 38. c3 Kb7 39. Re7 Kc6 40. d4 cxd4 41. cxd4 Rc2+ 42. Kd3 Rb2 43. Kc3 Rh2 44. Re6+ Kd7 45. d5 Rh3+ 46. Kc4 Re3 47. b4 axb4 48. Kxb4 Re1 49. Kc4 Rc1+ 50. Kd4 Ra1 51. Rh6 Rxa4+ 52. Ke5 Ra1 53. Rh7+ Kd8 54. Ke6 Kc8 55. e5 Rd1 56. Rg7 b5 57. Rg4 Kb7 58. Kf5 Rxd5 59. Kf6 Rd1 60. e6 Rf1+ 61. Ke7 c5 62. Kd6 Kb6 63. Re4 Rf8 64. e7 Ra8 65. e8=Q Rxe8 66. Rxe8 c4 67. Rb8+ Ka5 68. Kc5 Ka4 69. Rxb5 c3 70. Rb4+ Ka3 71. Rc4 Kb2 72. Kd4 c2 73. Kd3 c1=Q 74. Rxc1 Kxc1 1/2-1/2


[Site "https://www.chess.com"]

[Event "Titled Tuesday Blitz August 17 2021"]
[White "Goncalves, Davi Sulzbacher"]
[Black "Tsaruk, Maksim"]
[WhiteFideId "2154510"]
[BlackFideId "13511173"]
[WhiteElo "2107"]
[BlackElo "2184"]
[Result "1-0"]
[Round "09"]
[TimeControl "180+1"]
[Date "2021.08.18"]
[WhiteClock "0:00:28"]
[BlackClock "0:00:06"]

1. d4 d5 2. c4 dxc4 3. e4 Nf6 4. e5 Nd5 5. Bxc4 Nc6 6. Nf3 Bf5 7. O-O e6 8. Nc3 Nb6 9. Bb5 Qd7 10. Nh4 O-O-O 11. Nxf5 exf5 12. Bg5 Be7 13. Bxe7 Qxe7 14. Bxc6 bxc6 15. Qd3 Qe6 16. Qa6+ Kb8 17. Rfd1 Rd7 18. a4 Qc4 19. Qxc4 Nxc4 20. b3 Na5 21. b4 Nb3 22. Ra2 Rxd4 23. Rxd4 Nxd4 24. Rd2 Rd8 25. Kf1 Kb7 26. Ne2 Ne6 27. Rxd8 Nxd8 28. Nd4 g6 29. Ke2 Ne6 30. Kd3 Nxd4 31. Kxd4 Kb6 32. Kc4 a5 33. bxa5+ Kxa5 34. Kc5 Kxa4 35. Kxc6 Kb4 36. Kxc7 Kc5 37. Kd7 Kd5 38. f4 Ke4 39. g3 h6 40. Ke7 g5 41. Kxf7 gxf4 42. gxf4 Kxf4 43. e6 Kf3 44. e7 f4 45. e8=Q Kg2 46. Qe4+ f3 47. Kg6 Kxh2 48. Qxf3 Kg1 49. Kf5 1-0


[Site "https://www.chess.com"]

[Event "Titled Tuesday Blitz August 17 2021"]
[White "Goryachkina, Aleksandra"]
[Black "Roman, Rodrigo"]
[WhiteFideId "4147103"]
[BlackFideId "3701220"]
[WhiteElo "2441"]
[BlackElo "2043"]
[Result "1/2-1/2"]
[Round "09"]
[TimeControl "180+1"]
[Date "2021.08.17"]
[WhiteClock "0:01:49"]
[BlackClock "0:02:09"]

1. e4 a6 2. d4 b5 3. Bd3 Bb7 4. Nf3 Nf6 5. Nbd2 e6 6. O-O d5 7. e5 Nfd7 8. c3 c5 9. Re1 c4 10. Bc2 Nc6 11. Nf1 h6 12. Ng3 g6 13. h4 Be7 14. h5 g5 15. Nh2 a5 16. Ng4 Qc7 17. f4 b4 18. Qf3 a4 19. a3 b3 20. Bb1 O-O-O 21. f5 Kb8 22. f6 Bf8 23. Bd2 Ka8 24. Kf2 Na7 25. Rh1 Nb6 1/2-1/2


[Site "https://www.chess.com"]

[Event "Titled Tuesday Blitz August 17 2021"]
[White "Grachev, Boris"]
[Black "Moskalenko, Alexander"]
[WhiteFideId "4129199"]
[BlackFideId "4155351"]
[WhiteElo "2580"]
[BlackElo "2495"]
[Result "1/2-1/2"]
[Round "09"]
[TimeControl "180+1"]
[Date "2021.08.17"]
[WhiteClock "0:00:11"]
[BlackClock "0:00:51"]

1. d4 g6 2. Nf3 Bg7 3. e4 c5 4. dxc5 Na6 5. Bxa6 Qa5+ 6. Bd2 Qxa6 7. Bc3 Nf6 8. Nbd2 O-O 9. Qe2 Qc6 10. Nb3 Qxe4 11. Qxe4 Nxe4 12. Bxg7 Kxg7 13. O-O d6 14. Rfe1 Nxc5 15. Nxc5 dxc5 16. Rxe7 b6 17. Rae1 Bf5 18. c3 Kf6 19. Rc7 Be6 20. a3 Rfc8 21. Rxc8 Rxc8 22. Rd1 Bg4 23. h3 Bxf3 24. gxf3 Ke7 25. Kg2 Rc6 26. f4 Rd6 27. Re1+ Kd7 28. Re2 Rd3 29. f3 f5 30. Kg3 a5 31. h4 a4 32. h5 gxh5 33. Rh2 Kc6 34. Kh4 Rxf3 35. Kg5 Kb5 36. Kxf5 Kc4 37. Ke5 Re3+ 38. Kd6 Rd3+ 39. Ke6 Re3+ 40. Kd6 Rd3+ 1/2-1/2


[Site "https://www.chess.com"]

[Event "Titled Tuesday Blitz August 17 2021"]
[White "Grafil, Franz Robert"]
[Black "Golizadeh, Asghar"]
[WhiteFideId "5205298"]
[BlackFideId "12505269"]
[WhiteElo "2211"]
[BlackElo "2403"]
[Result "1/2-1/2"]
[Round "09"]
[TimeControl "180+1"]
[Date "2021.08.18"]
[WhiteClock "0:00:05"]
[BlackClock "0:00:06"]

1. d4 Nf6 2. c4 e6 3. g3 Bb4+ 4. Bd2 Qe7 5. Nc3 Nc6 6. Nf3 O-O 7. Bg2 Bxc3 8. Bxc3 Ne4 9. Qc2 Nxc3 10. Qxc3 d6 11. O-O e5 12. e4 Bg4 13. d5 Bxf3 14. Bxf3 Nd4 15. Rad1 f5 16. Rfe1 f4 17. Bg2 Rf6 18. Rxd4 exd4 19. Qxd4 fxg3 20. hxg3 Raf8 21. f4 Rg6 22. Re3 h5 23. e5 h4 24. exd6 Qxd6 25. c5 Qa6 26. gxh4 Qxa2 27. d6 Qb1+ 28. Kh2 Qc2 29. Rg3 Rxg3 30. Kxg3 Rf6 31. Be4 Qb3+ 32. Kg4 Qe6+ 33. f5 Qd7 34. Bd5+ Kh7 35. Be6 Qc6 36. d7 Qg2+ 37. Kf4 Qh2+ 38. Kf3 Qh1+ 39. Ke2 Qg2+ 40. Kd1 Qf1+ 41. Kc2 Qe2+ 42. Kb1 Qf1+ 43. Ka2 Qa6+ 44. Kb1 Qf1+ 45. Kc2 Qe2+ 46. Kb3 Qb5+ 47. Ka2 Qa6+ 48. Kb1 Qf1+ 1/2-1/2


[Site "https://www.chess.com"]

[Event "Titled Tuesday Blitz August 17 2021"]
[White "Gunina, Valentina"]
[Black "Shapiro, David"]
[WhiteFideId "4167570"]
[BlackFideId "24133523"]
[WhiteElo "2399"]
[BlackElo "2234"]
[Result "0-1"]
[Round "09"]
[TimeControl "180+1"]
[Date "2021.08.17"]
[WhiteClock "0:00:03"]
[BlackClock "0:00:38"]

1. d4 d5 2. c4 c6 3. Nf3 Nf6 4. g3 Bf5 5. Bg2 e6 6. O-O h6 7. b3 Be7 8. Bb2 O-O 9. Nbd2 Nbd7 10. e3 a5 11. Qe2 a4 12. Rfd1 Bb4 13. Ne5 a3 14. Bc1 Bc3 15. Rb1 Nxe5 16. dxe5 Bxb1 17. exf6 Bc2 18. fxg7 Bxg7 19. Rf1 dxc4 20. Nxc4 Bd3 21. Qg4 Bxf1 22. Bxf1 Qg5 23. Qe2 b5 24. Nxa3 Qc5 25. Qc2 Qxc2 26. Nxc2 Rxa2 27. Nd4 Bxd4 28. exd4 Ra1 29. Bxh6 Rd8 30. Be3 e5 31. Kg2 exd4 32. Bg5 Rd5 33. Bd2 d3 34. Kf3 Rxf1 0-1


[Site "https://www.chess.com"]

[Event "Titled Tuesday Blitz August 17 2021"]
[White "Gupta, Abhijeet"]
[Black "Yeletsky, Ivan"]
[WhiteFideId "5010608"]
[BlackFideId "24180327"]
[WhiteElo "2549"]
[BlackElo "2344"]
[Result "0-1"]
[Round "09"]
[TimeControl "180+1"]
[Date "2021.08.17"]
[WhiteClock "0:00:44"]
[BlackClock "0:01:43"]

1. Nf3 c5 2. c4 Nf6 3. Nc3 d5 4. cxd5 Nxd5 5. e3 e6 6. Bb5+ Bd7 7. Bxd7+ Nxd7 8. Nxd5 exd5 9. O-O Be7 10. b3 O-O 11. Bb2 Rc8 12. d4 c4 13. bxc4 dxc4 14. Rc1 b5 15. Qe2 Nb6 16. e4 b4 17. Rc2 a5 18. d5 c3 19. Bc1 Bc5 20. Ne5 Qe8 21. Nd3 Bd4 22. h4 Qe7 23. Bg5 f6 24. Be3 Qxe4 25. d6 Bxe3 26. fxe3 Nc4 27. d7 Rcd8 28. Nc5 Qxe3+ 29. Kh2 Qxc5 30. Qe6+ Kh8 31. Rg1 Qe5+ 0-1


[Site "https://www.chess.com"]

[Event "Titled Tuesday Blitz August 17 2021"]
[White "Gurvich, Vitaly"]
[Black "Leitao, Rafael"]
[WhiteFideId "24164852"]
[BlackFideId "2101246"]
[WhiteElo "2252"]
[BlackElo "2609"]
[Result "1-0"]
[Round "09"]
[TimeControl "180+1"]
[Date "2021.08.17"]
[WhiteClock "0:00:04"]
[BlackClock "0:00:03"]

1. g4 h5 2. g5 d5 3. Bg2 c6 4. d3 e5 5. h4 Bd6 6. e3 Ne7 7. Ne2 Bg4 8. Nbc3 Na6 9. Qd2 Qd7 10. b3 d4 11. exd4 exd4 12. Nxd4 Be5 13. Nde2 Bxe2 14. Kxe2 Ng6 15. Kf1 O-O 16. Bb2 Nf4 17. Re1 Bc7 18. Ne4 Nxg2 19. Kxg2 Qg4+ 20. Kf1 Rae8 21. a3 Be5 22. Bxe5 Rxe5 23. Qe3 Re6 24. Qxa7 Qf3 25. Rh2 Nc7 26. Qe3 Qf5 27. Qc5 Nd5 28. Kg1 b6 29. Qd4 Nf4 30. Qe3 Rfe8 31. Qf3 Re5 32. Rf1 Qg4+ 33. Qxg4 hxg4 34. Rd1 Rd5 35. Rb1 Ne2+ 36. Kg2 Nd4 37. Rc1 Ne2 38. Ra1 Rf5 39. Re1 Nd4 40. Rhh1 Rfe5 41. Rc1 Ne2 42. Rb1 Nd4 43. Rb2 Nf5 44. b4 Kh7 45. a4 Kg6 46. h5+ Kh7 47. Ra1 Nh4+ 48. Kg3 Nf3 49. Kxg4 Nd4 50. a5 bxa5 51. bxa5 f5+ 52. gxf6 Kh6 53. f7 Rf8 54. f4 Rxh5 55. Ng5 1-0


[Site "https://www.chess.com"]

[Event "Titled Tuesday Blitz August 17 2021"]
[White "Hambleton, Aman"]
[Black "Maevsky, Nikolay"]
[WhiteFideId "2606577"]
[BlackFideId "4198220"]
[WhiteElo "2552"]
[BlackElo "2213"]
[Result "1-0"]
[Round "09"]
[TimeControl "180+1"]
[Date "2021.08.17"]
[WhiteClock "0:00:11"]
[BlackClock "0:00:14"]

1. d4 d5 2. Bf4 Nf6 3. e3 c5 4. c3 Nc6 5. Nd2 Bf5 6. Qb3 Qd7 7. Ngf3 e6 8. Ne5 Qc8 9. Bb5 Nd7 10. Nxd7 Qxd7 11. Nf3 f6 12. O-O c4 13. Qd1 a6 14. Ba4 Bd6 15. Bxd6 Qxd6 16. Bc2 O-O 17. Bxf5 exf5 18. b3 b5 19. a4 Na5 20. axb5 Nxb3 21. Rxa6 Rxa6 22. bxa6 Qxa6 23. Nh4 g6 24. g4 fxg4 25. Qxg4 f5 26. Qf4 Nd2 27. Re1 Ne4 28. Qe5 Nxc3 29. Ng2 Qf6 30. Qc7 Qf7 31. Qa5 Ne4 32. Nf4 Nf6 33. h4 h6 34. Qb6 Re8 35. Kg2 g5 36. hxg5 hxg5 37. Ne2 Kg7 38. Ng3 Ne4 39. Rh1 Re6 40. Qd8 Qf8 41. Rh7+ Kxh7 42. Qxf8 Rf6 43. Qe7+ Kg6 44. Nxe4 dxe4 45. Qc5 f4 46. Qxc4 fxe3 47. fxe3 Rf3 48. Qe2 g4 49. Qd2 Kf5 50. d5 Kf6 51. d6 g3 52. d7 Rf2+ 53. Qxf2+ gxf2 54. d8=Q+ Ke5 55. Kxf2 Kf5 56. Qd5+ Kg4 57. Qxe4+ Kh3 58. Qg2+ Kh4 59. Qg3+ Kh5 60. Kf3 Kh6 61. Qg4 Kh7 62. Qg5 Kh8 63. Kf4 Kh7 64. Kf5 Kh8 65. Kf6 Kh7 66. Qg7# 1-0


[Site "https://www.chess.com"]

[Event "Titled Tuesday Blitz August 17 2021"]
[White "Hansen, Sune Berg"]
[Black "Hamley, Ryan"]
[WhiteFideId "1400266"]
[BlackFideId "30959497"]
[WhiteElo "2634"]
[BlackElo "2427"]
[Result "1-0"]
[Round "09"]
[TimeControl "180+1"]
[Date "2021.08.17"]
[WhiteClock "0:00:12"]
[BlackClock "0:00:08"]

1. e4 e5 2. Nf3 Nc6 3. Bc4 Nf6 4. d3 h6 5. O-O d6 6. c3 g5 7. Nbd2 Bg7 8. Bb3 Nh7 9. Nc4 g4 10. Ne1 h5 11. f4 Be6 12. f5 Bxc4 13. Bxc4 Na5 14. Bb5+ c6 15. Ba4 b5 16. Bc2 O-O 17. h3 Qh4 18. Qd2 gxh3 19. Rf3 hxg2 20. Nxg2 Qg4 21. Qe3 Bh6 22. Qxh6 Qxf3 23. Bd2 Kh8 24. Rf1 Qg3 25. Qxh5 Rg8 26. Rf2 f6 27. Be1 Qg4 28. Qxg4 Rxg4 29. Bd1 Rg3 30. Rd2 Rg7 31. b4 Nb7 32. Bh4 Ng5 33. Kf1 a5 34. Ne3 axb4 35. cxb4 Kg8 36. Ng4 Kf7 37. Nh6+ Ke7 38. Ng4 c5 39. bxc5 Nxc5 40. Bf2 Nh3 41. Ne3 Nxf2 42. Kxf2 Kd7 43. Bb3 Nxb3 44. axb3 Rgg8 45. Nd5 Raf8 46. Rc2 Rh8 47. Rc7+ Kd8 48. Ra7 Rh2+ 49. Kg3 Rfh8 50. Nxf6 R2h3+ 51. Kg4 R8h4+ 52. Kg5 Rh8 53. Nd5 Kc8 54. Ra8+ Kb7 55. Rxh8 Rxh8 56. f6 Kc6 57. f7 Kd7 58. Kf6 Rh6+ 59. Kg7 Rh1 60. f8=Q Rg1+ 61. Kf7 Rf1+ 62. Nf6+ 1-0


[Site "https://www.chess.com"]

[Event "Titled Tuesday Blitz August 17 2021"]
[White "Holt, Conrad"]
[Black "Yoo, Christopher Woojin"]
[WhiteFideId "2034387"]
[BlackFideId "30909694"]
[WhiteElo "2586"]
[BlackElo "2105"]
[Result "0-1"]
[Round "09"]
[TimeControl "180+1"]
[Date "2021.08.17"]
[WhiteClock "0:00:01"]
[BlackClock "0:00:02"]

1. d4 Nf6 2. c4 e6 3. Nc3 d5 4. cxd5 exd5 5. Bg5 Be7 6. e3 O-O 7. Bd3 c6 8. Qc2 h6 9. Bh4 Nbd7 10. Nge2 Re8 11. O-O Ne4 12. Bxe7 Qxe7 13. Rfe1 Ndf6 14. f3 Nxc3 15. Nxc3 c5 16. dxc5 Qxc5 17. Nb5 Qxc2 18. Bxc2 Re7 19. Rac1 Bd7 20. Nd4 Rc8 21. Kf2 Ree8 22. Bf5 g6 23. Bxd7 Nxd7 24. Nb5 Ne5 25. Rcd1 Rc2+ 26. Re2 Rxe2+ 27. Kxe2 Nc4 28. Rd3 Nxb2 29. Rxd5 Nc4 30. e4 a6 31. Nc3 Rc8 32. Rd4 Ne5 33. Nd5 Kf8 34. Kd2 b5 35. f4 Nc4+ 36. Kd3 Nb2+ 37. Kd2 Nc4+ 38. Ke2 Nd6 39. e5 Nf5 40. Rd2 h5 41. Nf6 Ke7 42. Ne4 Rc4 43. Kf3 Ra4 44. Nc5 Ra3+ 45. Kf2 Ne3 46. h3 Nc4 47. Rd7+ Ke8 48. Ra7 Rxa2+ 49. Kf3 Nd2+ 50. Ke3 Nc4+ 51. Kf3 b4 52. Nxa6 b3 0-1


[Site "https://www.chess.com"]

[Event "Titled Tuesday Blitz August 17 2021"]
[White "Ibarra Jerez, Jose Carlos"]
[Black "Khanin, Semen"]
[WhiteFideId "2226332"]
[BlackFideId "4111990"]
[WhiteElo "2602"]
[BlackElo "2521"]
[Result "0-1"]
[Round "09"]
[TimeControl "180+1"]
[Date "2021.08.17"]
[WhiteClock "0:00:03"]
[BlackClock "0:00:17"]

1. d4 Nf6 2. Bf4 d5 3. e3 e6 4. Nd2 c5 5. c3 Nc6 6. Ngf3 Be7 7. Bd3 Nh5 8. Be5 Nxe5 9. dxe5 g6 10. g4 Ng7 11. Qa4+ Bd7 12. Qf4 Bc6 13. e4 h5 14. g5 h4 15. O-O-O Qa5 16. Kb1 h3 17. Rhe1 Nh5 18. Qg4 O-O-O 19. exd5 Bxd5 20. Bc4 Qa4 21. b3 Qc6 22. Bxd5 Rxd5 23. c4 Rd3 24. Ne4 Rd7 25. Nd6+ Bxd6 26. exd6 Rxd6 27. Ne5 Rxd1+ 28. Qxd1 Qc7 29. Qf3 Rd8 30. Qxf7 Qxf7 31. Nxf7 Rd2 32. Rf1 Re2 33. Nd6+ Kb8 34. Nb5 Nf4 35. Nc3 Re5 36. Kc2 Rxg5 37. Ne4 Rg2 38. Rh1 b6 39. Kd2 Kc7 40. Ke3 e5 41. Kf3 Ne6 42. Nc3 Nd4+ 43. Ke3 Kd6 44. Ne4+ Ke6 45. Nd2 Kf5 46. Ne4 Ke6 47. Nd2 g5 48. Ne4 g4 49. Nd2 Nf5+ 50. Kd3 Nd6 51. Ke2 Kf5 52. Nf1 Kf4 53. Ne3 Nf5 54. Nxg2+ hxg2 55. Rg1 Nh4 56. a3 a5 57. a4 e4 58. Kd1 Kf3 59. Ke1 Ng6 60. Kd2 Nf4 61. Ke1 Nh3 62. Kd2 Nxg1 0-1


[Site "https://www.chess.com"]

[Event "Titled Tuesday Blitz August 17 2021"]
[White "Ibrahimli, Murad"]
[Black "Baches Garcia, Guillermo"]
[WhiteFideId "13410229"]
[BlackFideId "2209764"]
[WhiteElo "2109"]
[BlackElo "2480"]
[Result "0-1"]
[Round "09"]
[TimeControl "180+1"]
[Date "2021.08.17"]
[WhiteClock "0:02:38"]
[BlackClock "0:03:01"]

1. e4 c5 2. Nf3 d6 3. d4 cxd4 4. Nxd4 Nf6 5. Nc3 Nc6 6. Bg5 e6 7. Qd2 h6 8. Bh4 Nxe4 9. Nxe4 Qxh4 10. Nxc6 Qxe4+ 0-1


[Site "https://www.chess.com"]

[Event "Titled Tuesday Blitz August 17 2021"]
[White "Idani, Pouya"]
[Black "Tregubov, Pavel V."]
[WhiteFideId "12510130"]
[BlackFideId "4115341"]
[WhiteElo "2610"]
[BlackElo "2423"]
[Result "0-1"]
[Round "09"]
[TimeControl "180+1"]
[Date "2021.08.17"]
[WhiteClock "0:00:15"]
[BlackClock "0:01:15"]

1. e4 c5 2. Nf3 e6 3. c3 d5 4. exd5 exd5 5. d4 Nc6 6. Bb5 Bd6 7. O-O Ne7 8. dxc5 Bxc5 9. Nbd2 O-O 10. Nb3 Bd6 11. h3 Nf5 12. Re1 h6 13. Be3 Nxe3 14. Rxe3 Be6 15. Nfd4 Nxd4 16. Nxd4 Qf6 17. Qe2 a6 18. Bd3 Bd7 19. Re1 Bc5 20. Rf3 Qb6 21. Nb3 Rae8 22. Qd1 Rxe1+ 23. Qxe1 Re8 24. Qd2 Bd6 25. Nd4 Bc5 26. Nf5 Qe6 27. Ne3 Bc6 28. Bf5 Qe5 29. Nc2 Qe2 30. Qxe2 Rxe2 31. Bd3 Rd2 32. b4 d4 33. Rg3 Bd6 0-1


[Site "https://www.chess.com"]

[Event "Titled Tuesday Blitz August 17 2021"]
[White "Iskusnyh, Sergei"]
[Black "Mirzoev, Azer"]
[WhiteFideId "4120027"]
[BlackFideId "13400304"]
[WhiteElo "2492"]
[BlackElo "2525"]
[Result "1/2-1/2"]
[Round "09"]
[TimeControl "180+1"]
[Date "2021.08.17"]
[WhiteClock "0:00:07"]
[BlackClock "0:00:08"]

1. d4 d5 2. c4 c6 3. Nf3 Nf6 4. e3 Bf5 5. Nc3 e6 6. Nh4 Be4 7. f3 Bg6 8. Bd2 Nbd7 9. Nxg6 hxg6 10. Qc2 a6 11. O-O-O Qc7 12. c5 Rxh2 13. Rxh2 Qxh2 14. Kb1 g5 15. e4 g4 16. exd5 cxd5 17. Qa4 gxf3 18. gxf3 Rc8 19. Ne2 Qc7 20. Nf4 Qc6 21. Qb3 g6 22. Re1 Bg7 23. Bd3 g5 24. Ne2 g4 25. fxg4 Nxg4 26. Rg1 Ndf6 27. Nf4 Bh6 28. Be2 Ne4 29. Bc1 Ngf6 30. Qh3 Bxf4 31. Bxf4 Ke7 32. Bd6+ Nxd6 33. cxd6+ Kxd6 34. Qh2+ Kd7 35. Qf4 Qc2+ 36. Ka1 Qxe2 37. Qxf6 Rf8 38. Rc1 Qe3 39. Rf1 Qd2 40. a3 a5 41. Qg7 Ke7 42. Qf6+ Kd7 43. Qg7 Ke7 44. Qe5 Kd7 45. Qg7 1/2-1/2


[Site "https://www.chess.com"]

[Event "Titled Tuesday Blitz August 17 2021"]
[White "Ivanisevic, Ivan"]
[Black "Perez Gormaz, Matias"]
[WhiteFideId "912417"]
[BlackFideId "3406342"]
[WhiteElo "2499"]
[BlackElo "2352"]
[Result "0-1"]
[Round "09"]
[TimeControl "180+1"]
[Date "2021.08.17"]
[WhiteClock "0:00:16"]
[BlackClock "0:00:03"]

1. c4 e6 2. g3 d5 3. Bg2 Nf6 4. Nf3 Be7 5. O-O O-O 6. d3 c5 7. Ne5 Qc7 8. f4 Bd6 9. Nc3 Bxe5 10. fxe5 Qxe5 11. Bf4 Qh5 12. Bd6 Re8 13. Rxf6 gxf6 14. cxd5 Nd7 15. Qa4 f5 16. Nb5 Nb6 17. Qf4 Nxd5 18. Bxd5 exd5 19. Nc7 Rxe2 20. h4 Bd7 21. Nxa8 Bc6 22. Qg5+ Qxg5 23. hxg5 d4 24. Kf1 Rxb2 25. Re1 b6 26. Nc7 Rh2 27. Bf4 Rh1+ 28. Ke2 Rh2+ 29. Kd1 Rxa2 30. Re7 Ba4+ 31. Ke1 Kg7 32. Nd5 Kg6 33. Rc7 Bb3 34. Ne7+ Kh5 35. Ng8 Kg4 36. Nf6+ Kf3 37. Re7 Ra1+ 38. Kd2 Rd1# 0-1


[Site "https://www.chess.com"]

[Event "Titled Tuesday Blitz August 17 2021"]
[White "Ivanov, Oleg"]
[Black "De Silva, L M S T"]
[WhiteFideId "4103114"]
[BlackFideId "9953698"]
[WhiteElo "2699"]
[BlackElo "1621"]
[Result "1/2-1/2"]
[Round "09"]
[TimeControl "180+1"]
[Date "2021.08.17"]
[WhiteClock "0:00:07"]
[BlackClock "0:00:40"]

1. e4 e5 2. Nf3 Nc6 3. d4 exd4 4. Bc4 Nf6 5. e5 d5 6. Bb5 Ne4 7. Nxd4 Bd7 8. Bxc6 bxc6 9. O-O Bc5 10. f3 Ng5 11. Be3 Bb6 12. f4 Ne4 13. Nd2 Nxd2 14. Qxd2 O-O 15. Nb3 Bf5 16. Bc5 Re8 17. Qc3 Qd7 18. a4 a5 19. h3 Re6 20. Kh2 Rg6 21. Nd4 h5 22. Bxb6 cxb6 23. Nxf5 Qxf5 24. Qd3 Qxd3 25. cxd3 d4 26. f5 Rh6 27. Rf4 c5 28. g3 Re8 29. Re1 Rc6 30. b3 Kf8 31. Kg2 b5 32. Rc1 bxa4 33. bxa4 Rxe5 34. Rxd4 Rxf5 35. Rdc4 Re6 36. R1c2 Ree5 37. d4 cxd4 38. Rxd4 g6 39. g4 hxg4 40. hxg4 Rf6 41. Rcd2 Kg7 42. Kg3 Re3+ 43. Kg2 Rff3 44. Rf2 Rxf2+ 45. Kxf2 Ra3 46. g5 Kf8 47. Re4 Kg7 48. Rc4 f5 49. Rc7+ Kf8 50. Rc6 Rxa4 51. Rxg6 f4 52. Kf3 Kf7 53. Rf6+ Kg7 54. Ra6 Kf7 55. Kg4 f3+ 56. Kxf3 Kg7 57. Ke3 1/2-1/2


[Site "https://www.chess.com"]